 Dungeon Crawl Stone Soup version 0.24-a0-232-g49d9ff8 (webtiles) character file.

Game seed: 4363734932256881150

767 Ijustatesigmund the Chopper (level 7, -5/48 HPs)
             Began as an Octopode Fighter on Apr 4, 2019.
             Splashed by a jelly's acid (9 damage)
             ... on level 5 of the Dungeon.
             The game lasted 00:06:18 (3713 turns).

Ijustatesigmund the Chopper (Octopode Fighter)      Turns: 3713, Time: 00:06:19

Health: -5/48      AC: -3    Str: 15    XL:     7   Next: 82%
Magic:  7/7        EV: 13    Int: 10    God:
Gold:   329        SH: 10    Dex: 14    Spells: 6/6 levels left

rFire    . . .     SeeInvis .   a - +2 war axe
rCold    . . .     Gourm    .   b - +1 shield
rNeg     . . .     Faith    .   (helmet restricted)
rPois    .         Spirit   .   (no amulet)
rElec    .         Reflect  .   (no ring)
rCorr    .         Harm     .   (no ring)
MR       .....                  (no ring)
Stlth    +++.......             (no ring)
HPRegen  0.16/turn              (no ring)
MPRegen  0.10/turn              (no ring)
                                (no ring)
                                (no ring)

@: corroded
A: almost no armour, stealthy swim, amphibious, 8 rings, constrict 8, camouflage
1, gelatinous body 1
a: no special abilities


You were on level 5 of the Dungeon.
You were not hungry.

You visited 1 branch of the dungeon, and saw 5 of its levels.

You collected 329 gold pieces.

Inventory:

Hand Weapons
 a - a +2 war axe (weapon)
Armour
 b - a +1 shield (worn)
Scrolls
 f - 5 scrolls of remove curse
 i - a scroll of identify
Potions
 c - a potion of lignification
 e - 3 potions of agility
 h - 3 potions of magic
 j - 2 potions of brilliance
 l - a potion of flight {unknown}
 m - a potion of resistance {unknown}
 o - a potion of ambrosia {unknown}
 p - a potion of curing {unknown}
Comestibles
 d - 8 rations


   Skills:
 + Level 4.2 Fighting
 + Level 6.6 Axes
 + Level 4.2 Dodging
 + Level 1.2 Stealth
 + Level 4.2 Shields


You had 6 spell levels left.
You didn't know any spells.
Your spell library was empty.

Dungeon Overview and Level Annotations

Branches:
Dungeon (5/15)
 Temple: D:4-7

Altars:
Gozag
Makhleb
Okawaru
Trog
Uskayaw


Innate Abilities, Weirdness & Mutations

You cannot wear most types of armour.
You are very stealthy in the water. (Stealth+)
You are amphibious.
You can wear up to eight rings at the same time.
You can use your tentacles to constrict eight enemies at once.
Your skin changes colour to match your surroundings (Stealth+).
Your rubbery body absorbs attacks. (AC +1, EV +1)


Message History

You block the troll's attack.
Okay, then.
Okay, then.
As you read the scroll of teleportation, it crumbles to dust.
You feel strangely unstable. You block the troll's attack. x2
The troll claws you.
* * * LOW HITPOINT WARNING * * *
The quokka closely misses you. The quokka closely misses you.
Your surroundings suddenly seem different.
Found a brightly glowing leather armour.
A jelly comes into view.
The helpless jelly fails to defend itself.
You slash the jelly!
Your tentacles burn!
* * * LOW HITPOINT WARNING * * *
The jelly is almost dead.
The jelly hits you.
* * * LOW HITPOINT WARNING * * *
The acid corrodes you!
You are splashed with acid!
You die...

########
#......#
#......#
#@.#
#J..[....
#..######
...# ...#
#####


You could see a jelly.

Vanquished Creatures
  Sigmund (D:2)
  An ogre (D:4)
  The ghost of Ratty the Grave Robber, an amateur DENe (D:3)
  A scorpion (D:4)
  A bullfrog zombie (D:5)
  A crimson imp (D:5)
  An orc priest (D:4)
  3 orc wizards (D:4)
  2 worker ants (D:4)
  A hound skeleton (D:4)
  6 adders
  An ooze (D:1)
  2 adder skeletons
  3 worms
  A dart slug (D:3)
  4 leopard geckos
  13 orcs
  A ball python (D:5)
  4 giant cockroaches
  5 goblins
  13 hobgoblins
  3 jackals (D:4)
  5 kobolds
  6 bats
  4 frilled lizards
  A leopard gecko skeleton (D:4)
  7 rats
92 creatures vanquished.

Notes
Turn   | Place    | Note
-------+----------+-------------------------------------------
     0 | D:1      | Ijustatesigmund the Octopode Fighter began the quest for
                  | the Orb.
     0 | D:1      | Reached XP level 1. HP: 16/16 MP: 1/1
   303 | D:1      | Reached XP level 2. HP: 21/21 MP: 2/2
   355 | D:1      | Reached skill level 3 in Axes
   829 | D:2      | Reached XP level 3. HP: 16/26 MP: 3/3
  1193 | D:2      | Noticed Sigmund
  1214 | D:1      | Reached skill level 4 in Axes
  1300 | D:2      | Killed Sigmund
  1300 | D:2      | Reached skill level 5 in Axes
  1300 | D:2      | Reached XP level 4. HP: 17/31 MP: 4/4
  1300 | D:2      | Reached XP level 5. HP: 20/36 MP: 5/5
  1518 | D:2      | Found an iron altar of Okawaru.
  1519 | D:2      | Found a burning altar of Makhleb.
  1642 | D:3      | Reached XP level 6. HP: 38/42 MP: 6/6
  1772 | D:3      | Reached skill level 6 in Axes
  2079 | D:3      | Found a runed translucent gate.
  2079 | D:3      | Found a runed translucent gate.
  2079 | D:3      | Found a runed translucent gate.
  2080 | D:3      | Found an opulent altar of Gozag.
  2266 | D:3      | Noticed Ratty's ghost (amateur DENe)
  2288 | D:3      | Killed Ratty's ghost
  2635 | D:4      | Found a bloodstained altar of Trog.
  2643 | D:4      | Reached XP level 7. HP: 34/47 MP: 7/7
  3053 | D:4      | Found a hide-covered altar of Uskayaw.
  3624 | D:5      | Entered Level 5 of the Dungeon
  3642 | D:5      | Reached skill level 1 in Stealth
  3703 | D:5      | Noticed a troll
  3713 | D:5      | Splashed by a jelly's acid

Levels and vault maps discovered:
D:1:      dpeg_arrival_round_b, layout_loops_cross
D:2:      layout_rooms, gammafunk_temple_overflow_pools, uniq_sigmund
D:3:      layout_loops_ring, ebering_ghost_gozag, chequers_serial_rivers_micro_d
D:4:      layout_loops_ring, lemuel_crystal_altar,
          eat_drink_and_be_merry_uskayaw, first_ration
D:5:      layout_loops_cross, serial_shops, shop

Skill      XL: |  1  2  3  4  5  6  7 |
---------------+----------------------+-----
Axes           | 3 5 6 |  6.6
Fighting       | 4 |  4.2
Dodging        | 4 |  4.2
Shields        | 4 |  4.2
Stealth        | 1 |  1.2

Action                   |  1- 3 |  4- 6 |  7- 9 || total
-------------------------+-------+-------+-------++-------
Melee: War axe           |    58 |    72 |    59 ||   189
       Constrict         |    16 |    22 |    15 ||    53
       Tentacles         |    12 |    13 |    17 ||    42
  Use: Scroll            |     4 |     8 |     3 ||    15
       Potion            |     1 |       |     1 ||     2
 Stab: Sleeping          |     4 |     5 |     3 ||    12
       Distracted        |       |     1 |       ||     1
  Eat: Chunk             |     1 |     5 |     3 ||     9
Armor: Skin              |     5 |     2 |     3 ||    10
Dodge: Dodged            |    32 |    19 |    27 ||    78
Block: Shield            |    24 |    34 |    33 ||    91

Table legend:
 A = Non-vault XP
 B = Vault XP
 C = Vault XP percentage of total XP
 D = Non-vault monster count
 E = Vault monster count
 F = Vault count percentage of total count
                 A         B        C        D         E       F
            +---------+---------+-------+---------+---------+-------
      Total |     769 |     327 |  29.8 |      87 |       5 |   5.4
            +---------+---------+-------+---------+---------+-------
        D:1 |      37 |       0 |   0.0 |      19 |       0 |   0.0
        D:2 |      57 |     223 |  79.6 |      19 |       1 |   5.0
        D:3 |      69 |     104 |  60.1 |      15 |       4 |  21.1
        D:4 |     500 |       0 |   0.0 |      29 |       0 |   0.0
        D:5 |     106 |       0 |   0.0 |       5 |       0 |   0.0
            +---------+---------+-------+---------+---------+-------
